 Dungeon Crawl Stone Soup version 0.22.0-75-g3901e79 (webtiles) character file.

137597 cribozai the Devastator (level 16, -1/147 HPs)
             Began as a Green Draconian Conjurer on Sept 13, 2018.
             Was the Champion of Vehumet.
             Slain by an alligator snapping turtle (27 damage)
             ... on level 4 of the Shoals on Sept 14, 2018.
             The game lasted 02:43:14 (31430 turns).

cribozai the Devastator (Green Draconian Conjurer) Turns: 31430, Time: 02:43:15

Health: -1/147     AC: 21    Str: 11    XL:     16   Next: 39%
Magic:  2/31       EV: 17    Int: 29    God:    Vehumet [******]
Gold:   1453       SH:  0    Dex: 12    Spells: 6/38 levels left

rFire    + . .     SeeInvis .   w - +8 dagger of Eternal Vigilance {vamp, rF+ Int+4 Stlth+}
rCold    . . .     Gourm    .   (no shield)
rNeg     . . .     Faith    .   (armour unavailable)
rPois    +         Spirit   .   X - +2 hat {Int+3}
rElec    .         Reflect  .   p - +2 cloak
rCorr    .         Harm     .   U - +2 pair of gloves
MR       +....                  E - +2 pair of boots
Stlth    ++++......             S - amulet of magic regeneration
HPRegen  0.34/turn              T - ring of stealth
MPRegen  0.47/turn              j - +1 ring of protection

@: studying Fighting
A: breathe noxious fumes, unfitting armour, stinger 1, poison resistance,
cold-blooded, AC +9
}: 1/15 runes: barnacled
a: Breathe Noxious Fumes, Renounce Religion


You were on level 4 of the Shoals.
You worshipped Vehumet.
Vehumet was exalted by your worship.
You were not hungry.

You visited 6 branches of the dungeon, and saw 25 of its levels.
You also visited: Ossuary.

You collected 2783 gold pieces.
You spent 1330 gold pieces at shops.

Inventory:

Hand Weapons
 v - the +0 sword of Power
   (You found it on level 1 of the Spider Nest)
 w - the +8 dagger of Eternal Vigilance (weapon) {vamp, rF+ Int+4 Stlth+}
   (You found it on level 5 of the Dungeon)

   It inflicts no extra harm, but heals its wielder when it wounds a living foe.
   It affects your intelligence (+4).
   It protects you from fire.
   It makes you more stealthy.
Armour
 p - a +2 cloak (worn)
 E - a +2 pair of boots (worn)
 U - a +2 pair of gloves (worn)
 X - a +2 hat of intelligence (worn)
Magical Staves
 A - an uncursed staff of air
 V - an uncursed staff of poison
 Z - an uncursed staff of death {unknown}
Jewellery
 h - a cursed amulet of inaccuracy {unknown}
 j - a +1 ring of protection (right hand)
 r - an uncursed amulet of the gourmand
 x - an uncursed ring of resist corrosion
 S - an amulet of magic regeneration (around neck)
 T - a ring of stealth (left hand)
Wands
 m - a wand of digging (39)
 q - a wand of polymorph (14)
 D - a wand of random effects (60)
 I - a wand of iceblast (31)
 Q - a wand of paralysis (15)
Scrolls
 a - a scroll of blinking
 d - 3 scrolls of enchant armour
 e - 7 scrolls of amnesia
 f - 10 scrolls of identify
 g - 5 scrolls of fog
 i - 8 scrolls of remove curse
 n - 3 scrolls of teleportation
 y - a scroll of holy word
 B - 2 scrolls of enchant weapon
 W - a scroll of immolation
Potions
 k - a potion of berserk rage
 l - 3 potions of flight
 o - 5 potions of lignification
 s - 2 potions of heal wounds
 t - a potion of resistance
 u - a potion of mutation
 z - 3 potions of curing
 F - a potion of brilliance
 G - 7 potions of might
 H - 5 potions of agility
 K - 2 potions of haste
 M - 2 potions of magic
 O - a potion of invisibility
 Y - 2 potions of ambrosia
Books
 R - a manual of Fighting
Miscellaneous
 C - a phantom mirror
 J - a sack of spiders
 P - a phial of floods
Comestibles
 b - 26 rations


   Skills:
 + Level 14.8 Fighting
 - Level 10.0 Dodging
 - Level 1.7 Stealth
 + Level 11.5 Spellcasting
 + Level 16.6 Conjurations
 - Level 8.1 Hexes
 * Level 10.2 Fire Magic
 - Level 6.3 Air Magic
 - Level 8.4 Poison Magic


You had 6 spell levels left.
You knew the following spells:

 Your Spells              Type           Power        Failure   Level  Hunger
a - Magic Dart            Conj           ####         0%          1    None
b - Bolt of Fire          Conj/Fire      #######...   1%          6    #####..
c - Dazzling Spray        Conj/Hex       ######       1%          3    None
d - Iskenderun's Mystic   Conj           #######.     1%          4    None
e - Fulminant Prism       Conj/Hex       ######....   1%          4    None
f - Olgreb's Toxic Radia  Pois           ######..     1%          4    None
g - Lightning Bolt        Conj/Air       ######....   1%          5    ###....
h - Fireball              Conj/Fire      #######...   1%          5    ###....

Your spell library contained the following spells:

 Spells                   Type           Power        Failure   Level  Hunger
 Chain Lightning          Conj/Air       ######....   41%         8    #######
 Fire Storm               Conj/Fire      #######...   95%         9    #######
 Tornado                  Air            ######....   100%        9    #######
 Searing Ray              Conj           ######       0%          2    None
 Slow                     Hex            ######..     1%          2    None
 Conjure Flame            Conj/Fire      #######.     1%          3    None
 Ignite Poison            Fire/Tmut/Pois ######..     1%          3    None
 Mephitic Cloud           Conj/Pois/Air  ######..     1%          3    None
 Spider Form              Tmut/Pois      #####.....   1%          3    None
 Static Discharge         Conj/Air       ######..     1%          3    None
 Airstrike                Air            ######....   1%          4    None
 Cause Fear               Hex            ######....   1%          4    None
 Force Lance              Conj/Tloc      ######..     1%          4    None
 Beastly Appendage        Tmut           ###...       3%          1    None
 Blink                    Tloc           N/A          4%          2    None
 Call Imp                 Summ           ###.....     4%          2    None
 Sticks to Snakes         Tmut           ###.....     4%          2    None
 Silence                  Hex/Air        ######....   4%          5    ###....
 Yara's Violent Unravell  Hex/Tmut       #####.....   4%          5    ###....
 Ice Form                 Ice/Tmut       ###.....     32%         4    None
 Blade Hands              Tmut           ###.......   65%         5    ###....
 Deflect Missiles         Chrm/Air       #####.....   80%         6    #####..
 Ignition                 Fire           ######....   58%         8    #######
 Ring of Flames           Chrm/Fire      #####.....   97%         7    ######.
 Controlled Blink         Tloc           N/A          100%        8    #######
 Discord                  Hex            ######....   100%        8    #######


Dungeon Overview and Level Annotations

Branches:
Dungeon (10/15)            Temple (1/1) D:4            Lair (6/6) D:10
 Shoals (4/4) Lair:4       Spider (2/4) Lair:3        Slime (0/5) Lair:6
    Orc (2/2) D:9             Elf (0/3) Orc:2

Altars:
Ashenzari
Cheibriados
Dithmenos
Elyvilon
Fedhas
Gozag
Hepliaklqana
Kikubaaqudgha
Makhleb
Nemelex Xobeh
Okawaru
Qazlal
Ru
Sif Muna
Trog
Uskayaw
Vehumet
Wu Jian
Xom
Yredelemnul
Zin
The Shining One
Beogh
Jiyva

Shops:
D:7 ?   Orc:2 [(*:


Innate Abilities, Weirdness & Mutations

You can breathe blasts of noxious fumes.
Your lurid green scales are hard. (AC +9)
You cannot fit into any form of body armour.
Your tail ends in a poisonous barb.
Your system is resistant to poisons. (rPois)
You are cold-blooded and may be slowed by cold attacks.


Message History

Confirm with . or Enter, or press ? or * to list all spells.
Aiming: Bolt of Fire (safe; 1% risk of failure)
Press: ? - help, Shift-Dir - straight line, f/p - merfolk javelineer
Aim: a merfolk javelineer, wielding a spear of venom and wearing a leather The alligator snapping turtle hisses angrily.
The merfolk javelineer throws a javelin.
The javelin hits you!
* * * LOW HITPOINT WARNING * * *
Casting: Bolt of Fire (safe; 1% risk of failure)
Confirm with . or Enter, or press ? or * to list all spells.
Aiming: Bolt of Fire (safe; 1% risk of failure)
Press: ? - help, Shift-Dir - straight line, f/p - merfolk javelineer
Aim: a merfolk javelineer, wielding a spear of venom and wearing a leather The bolt of fire hits the merfolk javelineer.
You kill the merfolk javelineer!
Vehumet accepts your kill.
You hear a splash. x3
A manticore comes into view.
The alligator snapping turtle bites you from afar!!
You die...

≈≈≈≈ PP≈≈≈≈≈≈≈≈≈≈ .≈≈≈
PP≈≈≈H≈≈≈≈≈≈ ≈≈≈≈
≈≈≈≈≈≈≈≈≈≈≈≈≈ ≈≈≈≈
#.≈≈≈≈≈≈≈≈≈≈≈≈ ≈≈≈P
#≈≈≈≈≈≈≈≈≈≈≈≈≈≈ ≈≈≈≈
#≈≈≈≈.≈≈≈≈≈≈≈≈≈ ≈P≈≈
#...≈t≈≈PP≈≈≈≈≈ ≈≈≈
##.P..P≈P≈P≈≈≈≈≈
.P#####..(@.P≈≈≈P≈≈≈≈≈
.≈≈≈.......^.≈≈P≈PP≈≈≈
.≈≈≈.....†...≈≈≈≈≈≈≈≈≈
.≈≈≈≈......≈≈≈≈≈≈≈≈≈≈≈
.≈≈≈≈§§...≈≈≈≈≈≈≈≈≈≈≈≈
≈≈≈≈≈§§≈≈≈≈≈≈≈≈≈≈≈≈≈≈≈
≈≈≈≈§≈≈≈≈≈≈≈≈≈≈≈≈≈≈≈≈≈
≈≈≈≈≈≈≈≈≈≈≈≈≈≈≈≈≈≈≈≈≈≈
≈≈≈≈≈≈≈≈≈≈≈≈≈≈≈≈≈≈≈≈≈≈


You could see an alligator snapping turtle and a manticore (wandering).

Vanquished Creatures
  Gastronok (Lair:2)
  Ilsuiw (Shoals:4)
  An orc warlord (Orc:2)
  Louise (Shoals:2)
  A stone giant (Shoals:3)
  An entropy weaver (Spider:1)
  A dire elephant (Lair:6)
  7 merfolk javelineers
  Snorg (D:10)
  3 merfolk impalers
  Josephine (Spider:1)
  Harold (Orc:1)
  3 merfolk avatars
  4 hydras
  5 merfolk aquamancers
  2 two-headed ogres
  Erica (D:10)
  A satyr (Shoals:3)
  An orc high priest (Orc:2)
  Sonja (Lair:3)
  11 sea snakes
  17 harpies
  5 orc sorcerers
  4 orc knights (Orc:2)
  3 orb spiders (Spider:1)
  13 cyclopes
  8 wolf spiders (Spider:1)
  14 manticores
  A moth of wrath (Spider:2)
  4 black mambas
  7 fauns
  6 merfolk sirens
  12 elephants
  6 water nymphs
  12 spiny frogs
  2 demonic crawlers (Spider:1)
  10 komodo dragons
  6 rime drakes
  5 trolls
  11 jumping spiders
  6 wind drakes
  7 polar bears
  7 merfolk
  10 blink frogs
  3 hornets (Lair:6)
  10 dream sheep
  11 snapping turtles
  10 hippogriffs
  17 redbacks
  A shadow (D:9)
  7 tarantellas (Spider:1)
  18 yaks
  3 wraiths (Spider:1)
  5 basilisks
  5 water elementals (Shoals:1)
  2 wyverns
  2 hungry ghosts
  A steam dragon (Lair:3)
  3 wargs
  An acid dragon (D:10)
  11 porcupines
  22 water moccasins
  25 orc warriors
  5 ice beasts
  4 phantoms
  A sky beast (D:10)
  2 black bears (D:9)
  12 ogres
  2 necrophages (D:8)
  43 wolves
  3 centaurs
  13 crocodiles
  3 big kobolds
  An elf zombie (Ossuary)
  A gnoll sergeant (D:10)
  11 bullfrogs
  5 scorpions
  18 killer bees
  13 wights (D:10)
  A howler monkey (D:5)
  An electric eel (Spider:1)
  4 crimson imps
  3 centaur zombies
  A quasit (D:9)
  A human zombie (Ossuary)
  4 hounds
  19 orc priests
  6 jellies
  A bullfrog zombie (D:6)
  3 bullfrog skeletons
  2 centaur skeletons
  Ijyb (D:3)
  6 iguanas
  21 orc wizards
  7 hell rats (Lair:6)
  8 worker ants
  2 big kobold zombies (Ossuary)
  2 hound skeletons (D:5)
  3 mummies
  A howler monkey skeleton (D:4)
  A worker ant zombie (D:9)
  8 gnolls
  16 adders
  A shadow imp (D:7)
  8 oozes
  An adder skeleton (D:6)
  A worm (D:3)
  5 dart slugs
  8 leopard geckos
  62 orcs
  A ball python (D:4)
  6 giant cockroaches
  8 goblins
  11 hobgoblins
  10 jackals
  8 quokkas
  6 bats
  4 frilled lizards
  3 goblin zombies
  7 hobgoblin zombies (Ossuary)
  2 jackal zombies
  18 kobolds
  11 kobold zombies (Ossuary)
  11 orc zombies (Ossuary)
  A quokka zombie (D:3)
  7 rats
  A fungus (Lair:5)
  22 plants
864 creatures vanquished.

Vanquished Creatures (others)
  2 merfolk aquamancers (Shoals:4)
  An orc priest (Orc:1)
  53 fulminant prisms
  24 fungi
  54 plants
134 creatures vanquished.

Grand Total: 998 creatures vanquished

Notes
Turn   | Place    | Note
-------+----------+-------------------------------------------
     0 | D:1      | cribozai the Draconian Conjurer began the quest for the
                  | Orb.
     0 | D:1      | Reached XP level 1. HP: 14/14 MP: 3/3
   209 | D:1      | Reached XP level 2. HP: 14/20 MP: 0/5
   596 | D:1      | Reached XP level 3. HP: 18/26 MP: 3/6
   745 | D:1      | Learned a level 2 spell: Searing Ray
   749 | D:1      | Learned a level 3 spell: Dazzling Spray
  1209 | D:2      | Reached skill level 5 in Conjurations
  1495 | D:3      | Reached XP level 4. HP: 33/33 MP: 0/8
  1516 | D:3      | Noticed Ijyb
  1558 | D:3      | Killed Ijyb
  2073 | D:3      | Reached skill level 1 in Hexes
  2211 | D:4      | Reached XP level 5. HP: 38/38 MP: 6/9
  2273 | D:4      | Found a staircase to the Ecumenical Temple.
  2273 | D:4      | Noticed an ogre
  2309 | D:4      | Killed an ogre
  2309 | D:4      | Reached skill level 6 in Conjurations
  2309 | D:4      | Reached XP level 6. HP: 12/45 MP: 0/11
  3035 | Temple   | Entered the Ecumenical Temple
  3158 | Temple   | Became a worshipper of Vehumet
  3568 | D:5      | Entered Level 5 of the Dungeon
  3705 | D:5      | Found a burning altar of Makhleb.
  3708 | D:5      | Your scales start taking on a lurid green colour.
  3708 | D:5      | Reached XP level 7. HP: 17/50 MP: 1/13
  3708 | D:5      | Gained mutation: Your system is resistant to poisons.
                  | (rPois) [Green Draconian growth]
  3962 | D:5      | Reached skill level 7 in Conjurations
  4308 | D:5      | Learned a level 4 spell: Iskenderun's Mystic Blast
  4313 | D:5      | Learned a level 4 spell: Fulminant Prism
  4574 | D:5      | Got an ivory dagger
  4575 | D:5      | Identified the +8 dagger of Eternal Vigilance {vamp, rF+
                  | Int+4 Stlth+} (You found it on level 5 of the Dungeon)
  4834 | D:6      | Reached * piety under Vehumet
  4834 | D:6      | Offered knowledge of Sandblast by Vehumet.
  4891 | D:6      | Reached XP level 8. HP: 32/57 MP: 1/14
  5017 | D:6      | Reached skill level 8 in Conjurations
  5266 | D:6      | Reached skill level 5 in Spellcasting
  5279 | D:6      | Found a sand-covered staircase.
  5289 | Ossuary  | Entered an ossuary
  5304 | Ossuary  | Reached ** piety under Vehumet
  5305 | Ossuary  | Offered knowledge of Freeze by Vehumet.
  5460 | Ossuary  | Offered knowledge of Throw Flame by Vehumet.
  5909 | D:6      | Reached *** piety under Vehumet
  6105 | D:6      | Reached skill level 9 in Conjurations
  6105 | D:6      | Reached XP level 9. HP: 40/62 MP: 10/17
  6367 | D:7      | Found Ylug's Magic Scroll Shop.
  6382 | D:7      | Bought a scroll of enchant weapon for 82 gold pieces
  6382 | D:7      | Bought a scroll of blinking for 82 gold pieces
  6382 | D:7      | Bought a scroll of random uselessness for 11 gold pieces
  6382 | D:7      | Bought a scroll of enchant armour for 82 gold pieces
  6382 | D:7      | Bought a scroll of teleportation for 33 gold pieces
  7008 | D:8      | Offered knowledge of Stone Arrow by Vehumet.
  7370 | D:8      | Reached skill level 5 in Hexes
  7711 | D:8      | Noticed a troll
  7716 | D:8      | Killed a troll
  7744 | D:8      | Reached **** piety under Vehumet
  7748 | D:8      | Reached skill level 10 in Conjurations
  7778 | D:8      | Got a sparkling ruby amulet
  7827 | D:8      | Reached skill level 5 in Dodging
  7911 | D:8      | Offered knowledge of Irradiate by Vehumet.
  8310 | D:9      | Reached XP level 10. HP: 40/69 MP: 16/19
  8852 | D:9      | Found a staircase to the Orcish Mines.
  8952 | D:9      | Reached ***** piety under Vehumet
  8952 | D:9      | Offered knowledge of Olgreb's Toxic Radiance by Vehumet.
  8958 | D:9      | Learned a level 4 spell: Olgreb's Toxic Radiance
  9044 | D:9      | Reached skill level 1 in Poison Magic
  9251 | D:9      | Noticed a two-headed ogre
  9262 | D:9      | Killed a two-headed ogre
  9262 | D:9      | Reached skill level 11 in Conjurations
  9814 | D:10     | Entered Level 10 of the Dungeon
  9842 | D:10     | Noticed Snorg
 10203 | D:10     | Noticed Erica
 10580 | D:10     | Noticed a two-headed ogre
 10590 | D:10     | Killed a two-headed ogre
 10590 | D:10     | Reached skill level 5 in Poison Magic
 10590 | D:10     | Reached XP level 11. HP: 62/74 MP: 0/21
 10651 | D:10     | Identified the amulet of Qirumeyrao {+Rage rElec Str+4}
                  | (You found it on level 8 of the Dungeon)
 11045 | D:10     | Killed Erica
 11253 | D:10     | Killed Snorg
 11794 | D:10     | Found a staircase to the Lair.
 12058 | Lair:1   | Entered Level 1 of the Lair of Beasts
 12620 | Lair:1   | Found a shimmering altar of Xom.
 13083 | Lair:2   | Reached skill level 12 in Conjurations
 13135 | Lair:2   | Found a frozen archway.
 13396 | Lair:2   | Noticed Gastronok
 14215 | Lair:2   | Killed Gastronok
 14215 | Lair:2   | Reached XP level 12. HP: 45/81 MP: 11/24
 14484 | Lair:3   | Reached skill level 1 in Fighting
 14575 | Lair:3   | Offered knowledge of Lightning Bolt by Vehumet.
 14593 | Lair:3   | Learned a level 5 spell: Lightning Bolt
 14643 | Lair:3   | Noticed a four-headed hydra
 15092 | Lair:3   | Found a hole to the Spider Nest.
 15100 | Lair:3   | Noticed Sonja
 15105 | Lair:3   | Killed Sonja
 15395 | Lair:3   | Reached skill level 13 in Conjurations
 15714 | Lair:4   | Noticed a six-headed hydra
 15757 | Lair:4   | Reached skill level 1 in Air Magic
 15952 | Lair:4   | Reached skill level 5 in Fighting
 16311 | Lair:4   | Found a staircase to the Shoals.
 17021 | Lair:4   | Killed a six-headed hydra
 17021 | Lair:4   | Reached XP level 13. HP: 102/102 MP: 17/26
 17554 | Lair:5   | Offered knowledge of Freezing Cloud by Vehumet.
 18203 | Lair:6   | Entered Level 6 of the Lair of Beasts
 18257 | Lair:6   | Reached skill level 14 in Conjurations
 18671 | Lair:6   | Noticed a dire elephant
 18680 | Lair:5   | Reached ****** piety under Vehumet
 18927 | Lair:6   | Offered knowledge of Lee's Rapid Deconstruction by Vehumet.
 19255 | Lair:6   | Reached skill level 5 in Air Magic
 19300 | Lair:6   | Killed a dire elephant
 19401 | Lair:6   | Gained mutation: Your tail ends in a poisonous barb. [Green
                  | Draconian growth]
 19401 | Lair:6   | Reached XP level 14. HP: 94/118 MP: 14/27
 19564 | Lair:6   | Reached skill level 10 in Spellcasting
 19911 | Lair:6   | Found a viscous altar of Jiyva.
 19913 | Lair:6   | Found a staircase to the Slime Pits.
 20484 | Lair:6   | Identified Sehidabb's Collected Works on Spatial Feathers
 20548 | Lair:6   | Reached skill level 10 in Fighting
 20745 | Orc:1    | Entered Level 1 of the Orcish Mines
 20942 | Orc:1    | Reached skill level 15 in Conjurations
 21012 | Orc:2    | Entered Level 2 of the Orcish Mines
 21233 | Orc:2    | Offered knowledge of Spellforged Servitor by Vehumet.
 21711 | Orc:2    | Noticed an orc warlord
 21760 | Orc:2    | Killed an orc warlord
 22071 | Orc:2    | Found a roughly hewn altar of Beogh.
 22155 | Orc:2    | Found Zereidun's Antique Armour Boutique.
 22327 | Orc:2    | Found Tumaqo's General Store.
 22365 | Orc:2    | Found a staircase to the Elven Halls.
 22511 | Orc:2    | Found Putres's Antique Weapon Boutique.
 22570 | Orc:2    | Found Zippab's Book Boutique.
 22852 | Orc:1    | Noticed Harold
 22863 | Orc:1    | Killed Harold
 23190 | Orc:2    | Bought a book of Fire for 1040 gold pieces
 23197 | Orc:2    | Learned a level 6 spell: Bolt of Fire
 23417 | Spider:1 | Entered Level 1 of the Spider Nest
 23423 | Spider:1 | Reached skill level 1 in Fire Magic
 23439 | Spider:1 | Reached skill level 10 in Dodging
 23610 | Spider:1 | Offered knowledge of Bolt of Cold by Vehumet.
 24214 | Spider:1 | Found the +0 sword of Power
 24218 | Spider:1 | Noticed an entropy weaver
 24231 | Spider:1 | Killed an entropy weaver
 24577 | Spider:1 | Noticed Josephine
 24693 | Spider:1 | Killed Josephine
 24693 | Spider:1 | Reached XP level 15. HP: 108/132 MP: 6/29
 25391 | Shoals:1 | Entered Level 1 of the Shoals
 25401 | Shoals:1 | Reached skill level 5 in Fire Magic
 26207 | Shoals:1 | Reached skill level 16 in Conjurations
 26291 | Shoals:1 | Offered knowledge of Poison Arrow by Vehumet.
 28458 | Shoals:2 | Noticed Louise
 28477 | Shoals:2 | Killed Louise
 28889 | Shoals:3 | Learned a level 5 spell: Fireball
 29469 | Shoals:3 | Noticed a kraken
 29665 | Shoals:3 | Reached XP level 16. HP: 109/146 MP: 10/31
 30222 | Shoals:4 | Entered Level 4 of the Shoals
 30296 | Shoals:4 | Noticed Ilsuiw
 30335 | Shoals:4 | Killed Ilsuiw
 30444 | Shoals:4 | Offered knowledge of Fire Storm by Vehumet.
 30444 | Shoals:4 | Offered knowledge of Chain Lightning by Vehumet.
 30444 | Shoals:4 | Offered knowledge of Tornado by Vehumet.
 30642 | Shoals:4 | Got a coiled tin ring
 30649 | Shoals:4 | Identified the ring "Ytrea" {Wiz +Blink rF- rN+ Str+3} (You
                  | found it on level 4 of the Shoals)
 31068 | Shoals:4 | Reached skill level 10 in Fire Magic
 31247 | Shoals:4 | Got a barnacled rune of Zot
 31295 | Shoals:4 | Got a crude golden ring
 31301 | Shoals:4 | Identified the cursed ring "Loqetrau" {Int-5 Dex+3} (You
                  | found it on level 4 of the Shoals)
 31430 | Shoals:4 | Slain by an alligator snapping turtle

Skill      XL: |  1  2  3  4  5  6  7  8  9 10 11 12 13 14 15 16 |
---------------+-------------------------------------------------+-----
Conjurations   | 5 6 7 9 10 11 12 13 14 15 16 | 16.6
Spellcasting   | 3 4 5 6 7 8 9 10 11 | 11.5
Hexes          | 1 2 3 4 5 6 7 8 |  8.1
Dodging        | 2 4 5 6 7 8 9 10 | 10.0
Poison Magic   | 5 8 |  8.4
Fighting       | 6 9 11 14 | 14.8
Air Magic      | 2 5 6 |  6.3
Fire Magic     | 4 9 10 | 10.2
Stealth        | |  1.7

Action                   |  1- 3 |  4- 6 |  7- 9 | 10-12 | 13-15 | 16-18 || total
-------------------------+-------+-------+-------+-------+-------+-------++-------
Melee: Unarmed           |     9 |       |       |       |       |       ||     9
       Tailslap          |     4 |    13 |    50 |    19 |    25 |     8 ||   119
       Dagger            |    51 |   104 |   489 |   168 |   167 |    58 ||  1037
 Cast: Magic Dart        |    64 |    24 |    18 |    14 |     6 |       ||   126
       Dazzling Spray    |       |    25 |    34 |    25 |    19 |       ||   103
       Searing Ray       |       |     3 |     5 |     1 |       |       ||     9
       Iskenderun's Myst |       |       |    32 |   175 |   233 |       ||   440
       Fulminant Prism   |       |       |     3 |    41 |    10 |       ||    54
       Olgreb's Toxic Ra |       |       |       |    49 |   154 |    25 ||   228
       Bolt of Fire      |       |       |       |       |   124 |    18 ||   142
       Fireball          |       |       |       |       |    30 |    26 ||    56
 Abil: Breathe Noxious F |       |       |       |     2 |       |       ||     2
Evoke: Wand              |       |       |       |     4 |    17 |       ||    21
  Use: Scroll            |       |       |     6 |    36 |     7 |    10 ||    59
       Potion            |       |       |       |       |     8 |     1 ||     9
 Stab: Sleeping          |     1 |     5 |    11 |     3 |       |       ||    20
       Invisible         |       |     2 |     5 |     3 |     1 |       ||    11
       Distracted        |       |       |     1 |       |       |       ||     1
  Eat: Chunk             |     3 |     8 |    28 |    20 |    16 |     3 ||    78
       Ration            |       |       |     2 |     4 |    16 |     3 ||    25
Armor: Skin              |    21 |    23 |   122 |    79 |   186 |    48 ||   479
Dodge: Dodged            |    55 |    86 |   318 |   295 |   404 |    71 ||  1229
